 Dungeon Crawl Stone Soup version 0.28-a0-1235-g7c8fac35f0 (webtiles) character file.

Game seed: 10108543766089544176

516 Vash the Ducker (level 7, -1/56 HPs)
             Began as a Gnoll Gladiator on Dec 24, 2021.
             Was a Believer of Qazlal.
             Succumbed to a scorpion's poison
             ... on level 4 of the Dungeon.
             The game lasted 00:07:04 (4670 turns).

Vash the Ducker (Gnoll Gladiator)                   Turns: 4670, Time: 00:07:05

Health: -1/56      AC:  4    Str: 14    XL:     7   Next: 20%
Magic:  7/10       EV: 14    Int:  9    God:    Qazlal [**....]
Gold:   205        SH:  7    Dex: 13    Spells: 10/10 levels left

rFire   . . .      SeeInvis .   a - +0 trident
rCold   . . .      Faith    .   l - +0 buckler
rNeg    . . .      Spirit   .   b - +0 leather armour
rPois   .          Reflect  .   c - +0 helmet
rElec   .          Harm     .   (no cloak)
rCorr   .          Rampage  .   (no gloves)
Will    .....                   (no boots)
Stlth   ++........              (no amulet)
HPRegen 0.18/turn               (no ring)
MPRegen 0.12/turn               (no ring)

@: lethally poisoned (-1 -> -8), invisible
A: fangs 1, strong nose, distributed training
a: Renounce Religion, Upheaval


You were on level 4 of the Dungeon.
You worshipped Qazlal.
Qazlal was pleased with you.
You visited 1 branch of the dungeon, and saw 4 of its levels.

You collected 205 gold pieces.

Inventory:

Hand Weapons
 a - a +0 trident (weapon)
Missiles
 d - a throwing net (quivered)
Armour
 b - a +0 leather armour (worn)
 c - a +0 helmet (worn)
 l - a +0 buckler (worn)
Scrolls
 e - 4 scrolls of identify {unknown}
 f - a scroll of blinking {unknown}
 h - a scroll of teleportation {unknown}
 i - a scroll of immolation {unknown}
 k - a scroll of vulnerability {unknown}
Potions
 j - a potion of degeneration {unknown}


   Skills:
 + Level 5.1 Fighting
 + Level 2.3 Short Blades
 + Level 2.3 Long Blades
 + Level 2.3 Axes
 + Level 2.3 Maces & Flails
 + Level 7.0 Polearms
 + Level 2.3 Staves
 + Level 2.3 Slings
 + Level 2.3 Bows
 + Level 2.3 Crossbows
 + Level 5.1 Throwing
 + Level 2.3 Armour
 + Level 7.0 Dodging
 + Level 2.3 Stealth
 + Level 2.3 Shields
 + Level 2.3 Unarmed Combat
 + Level 2.3 Spellcasting
 + Level 1.9 Conjurations
 + Level 1.9 Hexes
 + Level 1.9 Summonings
 + Level 1.9 Necromancy
 + Level 1.9 Translocations
 + Level 1.9 Transmutations
 + Level 1.9 Fire Magic
 + Level 1.9 Ice Magic
 + Level 1.9 Air Magic
 + Level 1.9 Earth Magic
 + Level 1.9 Poison Magic
 + Level 2.5 Invocations
 + Level 2.3 Evocations


You had 10 spell levels left.
You didn't know any spells.
Your spell library was empty.

Dungeon Overview and Level Annotations

Branches:
Dungeon (4/15)
 Temple: D:4-7

Altars:
Qazlal

Shops:
D:2 :


Innate Abilities, Weirdness & Mutations

You have very sharp teeth.
Your uncanny sense of smell can sniff out nearby items.
Your experience applies equally to all skills.


Message History

You are more poisoned.
The scorpion poisons you! The hound bites you. The scorpion stings you!
* * * LOW HITPOINT WARNING * * *
You are too injured to fight recklessly!
Unknown command.
You hit the scorpion but do no damage.
The scorpion is moderately wounded.
* * * LOW HITPOINT WARNING * * *
You feel very sick. The hound completely misses you.
You block the scorpion's attack. The hound misses you.
Unknown command.
Throw: 2 throwing nets
Press: ? - help, Q - select action, (/) - cycle Shift-Dir - straight line, f - hound
Aim: a hound (51% to hit)
You throw a throwing net. The throwing net hits the hound.
The hound is caught in the net!
* * * LOW HITPOINT WARNING * * *
You feel sick. The scorpion stings you.
* * * LOW HITPOINT WARNING * * *
The hound struggles against the net.
Aiming: Upheaval
Press: ? - help, Dir - move target, p - hound A storm cloud blasts the area with cutting wind!
* * * LOW HITPOINT WARNING * * *
You feel very sick.
The hound struggles against the net.
The scorpion is struck by lightning.
You kill the scorpion!
Qazlal accepts your kill.
Your Polearms skill increases to level 7!
Your Dodging skill increases to level 7!
You hit the hound.
The hound is lightly wounded.
* * * LOW HITPOINT WARNING * * *
You feel sick.
The hound pauses to sniff the ground.
The hound struggles against the net.
It was a potion of invisibility.
You fade into invisibility!
You die...

..........###....
.........'.....
........##.... #.#
#.......# #.
#.####'###..####....
#.......##..........
####............## ###..
.....##..........#......
...........#..##@h.#
####.##....###.#.○.# .#
#.##...## ##...#
.###'#....# #.....∆
.##.......# #......
.#........# #..≈≈≈≈≈≈
.......#..# #..≈≈≈≈≈≈
..........# .........
.##.......##


You could see a hound (caught).

Vanquished Creatures
  A sky beast (D:3)
  A phantom (D:4)
  2 scorpions
  Natasha (thrice) (D:2)
  An iguana (D:4)
  Robin (D:4)
  4 adders
  2 dart slugs (D:2)
  An orc (D:3)
  7 ball pythons
  5 endoplasms
  18 goblins
  8 hobgoblins
  6 jackals
  2 quokkas
  6 bats
  3 frilled lizards (D:2)
  7 kobolds
  7 rats
85 creatures vanquished.

Notes
Turn   | Place    | Note
-------+----------+-------------------------------------------
     0 | D:1      | Vash the Gnoll Gladiator began the quest for the Orb.
     0 | D:1      | Reached XP level 1. HP: 20/20 MP: 1/1
   127 | D:1      | Reached XP level 2. HP: 9/26 MP: 2/2
   647 | D:1      | Found a faded altar of an unknown god.
   650 | D:1      | Reached XP level 3. HP: 31/31 MP: 3/3
   665 | D:1      | Prayed at the altar of an unknown god.
   665 | D:1      | Became a worshipper of Qazlal Stormbringer
   665 | D:1      | Reached * piety under Qazlal
  1389 | D:2      | Reached skill level 1 in Invocations
  1451 | D:2      | Reached skill level 1 in Short Blades
  1451 | D:2      | Reached skill level 1 in Long Blades
  1451 | D:2      | Reached skill level 1 in Axes
  1451 | D:2      | Reached skill level 1 in Maces & Flails
  1451 | D:2      | Reached skill level 1 in Staves
  1451 | D:2      | Reached skill level 1 in Slings
  1451 | D:2      | Reached skill level 1 in Bows
  1451 | D:2      | Reached skill level 1 in Crossbows
  1451 | D:2      | Reached skill level 1 in Armour
  1451 | D:2      | Reached skill level 1 in Stealth
  1451 | D:2      | Reached skill level 1 in Shields
  1451 | D:2      | Reached skill level 1 in Unarmed Combat
  1451 | D:2      | Reached skill level 1 in Spellcasting
  1451 | D:2      | Reached skill level 1 in Evocations
  1519 | D:2      | Found Pairotz's Book Emporium.
  1561 | D:2      | Reached XP level 4. HP: 30/38 MP: 5/5
  1777 | D:2      | Noticed Natasha
  1798 | D:2      | Killed Natasha
  1799 | D:2      | Reached skill level 1 in Conjurations
  1799 | D:2      | Reached skill level 1 in Hexes
  1799 | D:2      | Reached skill level 1 in Summonings
  1799 | D:2      | Reached skill level 1 in Necromancy
  1799 | D:2      | Reached skill level 1 in Translocations
  1799 | D:2      | Reached skill level 1 in Transmutations
  1799 | D:2      | Reached skill level 1 in Fire Magic
  1799 | D:2      | Reached skill level 1 in Ice Magic
  1799 | D:2      | Reached skill level 1 in Air Magic
  1799 | D:2      | Reached skill level 1 in Earth Magic
  1799 | D:2      | Reached skill level 1 in Poison Magic
  2147 | D:2      | Noticed Natasha
  2160 | D:2      | Killed Natasha
  2161 | D:2      | Reached XP level 5. HP: 25/43 MP: 5/7
  2254 | D:2      | Noticed Natasha
  2289 | D:2      | HP: 2/43 [shadow imp[Natasha] (5)]
  2303 | D:2      | Killed Natasha
  2552 | D:3      | Reached ** piety under Qazlal
  2993 | D:3      | Noticed a sky beast
  3025 | D:3      | Killed a sky beast
  3026 | D:3      | Reached XP level 6. HP: 29/50 MP: 5/8
  3455 | D:4      | Reached skill level 5 in Fighting
  3455 | D:4      | Reached skill level 5 in Throwing
  3497 | D:4      | Noticed Robin
  4102 | D:4      | Killed Robin
  4360 | D:4      | Reached XP level 7. HP: 24/56 MP: 10/10
  4668 | D:4      | HP: 2/56 [poisoned by a scorpion]
  4670 | D:4      | Succumbed to a scorpion's poison

Illustrated notes

Levels and vault maps discovered:
D:1:      wheals_arrival_linesprint, layout_rooms,
          hellmonk_ecumenical_altar_dog_temple, corexii_leaking_fountain
D:2:      layout_loops_ring, serial_shops, nicolae_square_shop,
          minmay_pentomino_q4, uniq_natasha
D:3:      layout_rooms, minmay_goblin_outpost
D:4:      layout_basic, grunt_decor_resistance, nicolae_wooded_promenade,
          st_stairs_7, uniq_robin

Skill      XL: |  1  2  3  4  5  6  7 |
---------------+----------------------+-----
Invocations    | 1 2 |  2.5
Short Blades   | 1 2 |  2.3
Long Blades    | 1 2 |  2.3
Axes           | 1 2 |  2.3
Maces & Flails | 1 2 |  2.3
Staves         | 1 2 |  2.3
Slings         | 1 2 |  2.3
Bows           | 1 2 |  2.3
Crossbows      | 1 2 |  2.3
Armour         | 1 2 |  2.3
Stealth        | 1 2 |  2.3
Shields        | 1 2 |  2.3
Unarmed Combat | 1 2 |  2.3
Spellcasting   | 1 2 |  2.3
Evocations     | 1 2 |  2.3
Conjurations   | 1 |  1.9
Hexes          | 1 |  1.9
Summonings     | 1 |  1.9
Necromancy     | 1 |  1.9
Translocations | 1 |  1.9
Transmutations | 1 |  1.9
Fire Magic     | 1 |  1.9
Ice Magic      | 1 |  1.9
Air Magic      | 1 |  1.9
Earth Magic    | 1 |  1.9
Poison Magic   | 1 |  1.9
Fighting       | 5 |  5.1
Throwing       | 5 |  5.1
Polearms       | 7 |  7.0
Dodging        | 7 |  7.0

Action                   |  1- 3 |  4- 6 |  7- 9 || total
-------------------------+-------+-------+-------++-------
Melee: Trident           |   105 |   197 |     8 ||   310
       Bite              |     8 |    13 |       ||    21
Throw: Throwing net      |       |     5 |     1 ||     6
Invok: Upheaval          |       |     1 |     1 ||     2
  Use: Potion            |       |     3 |     1 ||     4
 Stab: Sleeping          |     1 |       |       ||     1
       Held in net/web   |       |     4 |       ||     4
Armor: Leather armour    |    18 |    22 |     1 ||    41
       Skin              |       |     7 |       ||     7
Dodge: Dodged            |    53 |   109 |     5 ||   167
Block: Other             |     4 |    11 |       ||    15
       Buckler           |       |     5 |     3 ||     8

Table legend: (Time is in decaauts)
 A = Elapsed time spent in this place.
 B = Non-inter-level travel time spent in this place.
 C = Inter-level travel time spent in this place.
 D = Time resting spent in this place.
 E = Time spent auto-exploring this place.
 F = Levels seen in this place.
 G = Mean time per level.
                   A        B        C        D        E       F      G
               +--------+--------+--------+--------+--------+-----+--------+
         Total |   4673 |   4554 |    119 |   1944 |   1775 |   4 | 1168.2 |
       Dungeon |   4673 |   4554 |    119 |   1944 |   1775 |   4 | 1168.2 |
               +--------+--------+--------+--------+--------+-----+--------+

Top non-repeatable levels by time:
     D:3: 1520 daAuts
     D:2: 1300 daAuts
     D:1: 1183 daAuts
     D:4: 669 daAuts
